 Dungeon Crawl Stone Soup version 0.22-b1-59-g0aedee7 (webtiles) character file.

1148 Goblin1989 the Chopper (level 8, -9/48 HPs)
             Began as a Demonspawn Chaos Knight on Aug 9, 2018.
             Mangled by an orc warrior
             ... wielding a +0 long sword
              (19 damage)
             ... on level 6 of the Dungeon.
             The game lasted 00:15:15 (6163 turns).

Goblin1989 the Chopper (Demonspawn Chaos Knight)    Turns: 6163, Time: 00:15:15

Health: -9/48      AC:  9    Str: 14      XL:     8   Next: 15%
Magic:  8/8        EV: 11    Int: 13 (14) God:    Xom [..*...]
Gold:   241        SH:  0    Dex: 13      Spells: 7/7 levels left

rFire    . . .     SeeInvis .   a - +0 hand axe (chaos)
rCold    . . .     Gourm    .   (no shield)
rNeg     . . .     Faith    .   G - +0 scale mail
rPois    .         Spirit   .   I - +0 helmet
rElec    .         Reflect  .   X - +0 cloak
rCorr    .         Harm     .   (no gloves)
MR       .....                  (no boots)
Stlth    ++........             (no amulet)
HPRegen  0.16/turn              (no ring)
MPRegen  0.11/turn              (no ring)

@: no status effects
A: hooves 2, repulsion field 1, deterioration 1, frail 2, nightstalker 2, spiny
1
a: Renounce Religion


You were on level 6 of the Dungeon.
You worshipped Xom.
You were a toy of Xom.
You were very hungry.

You visited 1 branch of the dungeon, and saw 6 of its levels.

You collected 241 gold pieces.

Inventory:

Hand Weapons
 a - a +0 hand axe of chaos (weapon)
 q - a +2 antimagic dagger
 L - a +0 flail of protection
 V - a +0 dagger of freezing
Missiles
 g - 246 stones (quivered) {@Q3}
 o - 40 arrows
 s - 13 sling bullets
 U - 8 poisoned needles
 Y - 52 bolts
 Z - a throwing net {!d , @Q1}
Armour
 G - a +0 scale mail (worn)
 I - a +0 helmet (worn)
 X - a +0 cloak (worn)
Jewellery
 N - an uncursed ring of ice
Wands
 F - a wand of iceblast (11) {@v4}
Scrolls
 i - 2 scrolls of teleportation {unknown}
 l - 4 scrolls of magic mapping {unknown}
 n - a scroll of remove curse {unknown}
 E - a scroll of summoning {unknown}
 J - a scroll of enchant weapon {unknown}
 K - a scroll of random uselessness {unknown}
 O - a scroll of fog {unknown}
 R - a scroll of identify {@r1}
 S - a scroll of noise {unknown}
 T - 2 scrolls of blinking {unknown}
Potions
 H - a potion of cancellation {unknown}
 M - a potion of lignification
 P - 2 potions of mutation {!q}
 Q - 3 potions of curing {@q1}
 W - 2 potions of haste
Comestibles
 e - 9 rations


   Skills:
 + Level 4.8 Fighting
 * Level 7.8 Axes
 + Level 3.8 Armour
 - Level 0.8 Dodging


You had 7 spell levels left.
You didn't know any spells.
Your spell library contained the following spells:

 Spells                   Type           Power        Failure   Level  Hunger
 Lightning Bolt           Conj/Air       #.........   100%        5    ######.
 Shock                    Conj/Air       #...         77%         1    ##.....
 Swiftness                Chrm/Air       #.......     88%         2    ###....
 Airstrike                Air            #.........   100%        4    #####..
 Static Discharge         Conj/Air       #.......     98%         3    ####...


Dungeon Overview and Level Annotations

Branches:
Dungeon (6/15)             Temple (0/1) D:4

Altars:
Ashenzari
Cheibriados
Gozag
Makhleb
Ru
Vehumet
Wu Jian
Xom
Zin


Innate Abilities, Weirdness & Mutations

You have hoof-like feet.
You are surrounded by a mild repulsion field. (EV +2)
You are significantly more attuned to the shadows.
You are partially covered in sharp spines.
Your body sometimes deteriorates upon taking damage.
You are very frail. (-20% HP)


Message History

You climb downwards.
There is a stone staircase leading up here.
Unknown command.
An orc, an orc warrior and an orc priest come into view.
The orc warrior shouts!
Unknown command.
There is a stone staircase leading up here.
The orc priest looks encouraged for a moment.
You climb upwards.
There is a stone staircase leading down here.
Unknown command.
You see here a trident.
There is a stone staircase leading down here.
You climb downwards.
There is a stone staircase leading up here.
You open the door.
There is an open door here.
You open the door.
There is an open door here.
There is an open door here.
You are feeling very hungry.
You open the door.
There is an open door here.
You open the door.
There is an open door here.
You open the door.
There is an open door here.
You open the door.
There is an open door here.
R - a scroll of identify {@r1};
F - a wand of iceblast (11) {@v4}
P - 2 potions of mutation {!q} (gained 1) 2 centaurs come into view.
The centaur shouts! x2; You hear a shout!
The centaur wields a shortbow.
The centaur shoots an arrow.
The arrow barely misses you.
The centaur wields a shortbow.
The centaur shoots an arrow.
The arrow hits you.
You see here 2 arrows.
You take 3 damage, and have 45/48 hp.
Health restored: 48 You open the door.
There is an open door here.
E - a scroll labeled KIMANUDEODA
e - 8 rations (gained 1)
e - 9 rations (gained 1)
i - 2 scrolls labeled KISIAZXEGHE (gained 1)
You open the door.
There is an open door here.
Key pressed, stopping explore.
The orc priest is too close now for your liking.
The orc priest shouts!
The orc priest is struck by your spines.
The orc priest hits you with a flail!
Your body deteriorates!
You feel dopey.
You take 7 damage, and have 41/48 hp.
You hit the orc priest. You burn the orc priest. You kick the orc priest.
The orc priest is almost dead.
You hit the orc priest.
You kill the orc priest!
The orc warrior misses you.
You hit the orc warrior but do no damage.
You hit the orc.
The orc warrior hits you with a long sword!
The orc is struck by your spines.
You kill the orc!
You take 13 damage, and have 29/48 hp.
MASSIVE DAMAGE!!
You barely miss the orc warrior.
The orc warrior hits you with a long sword!
* * * LOW HITPOINT WARNING * * *
You are too injured to fight recklessly!
You take 11 damage, and have 18/48 hp.
MASSIVE DAMAGE!!
You are too injured to fight recklessly!
You are too injured to fight recklessly!
You are too injured to fight recklessly!
You are too injured to fight recklessly!
You hit the orc warrior but do no damage.
Your kick misses the orc warrior.
The orc warrior is struck by your spines.
The orc warrior hits you but does no damage.
You barely miss the orc warrior. You kick the orc warrior.
The orc warrior is lightly wounded.
You closely miss the orc warrior.
The orc warrior is lightly wounded.
The orc warrior misses you.
You barely miss the orc warrior.
The orc warrior is lightly wounded.
The orc warrior hits you with a long sword!
* * * LOW HITPOINT WARNING * * *
You take 9 damage, and have 10/48 hp.
You hit the orc warrior. You freeze the orc warrior.
Your kick misses the orc warrior.
The orc warrior is moderately wounded.
The orc warrior hits you but does no damage.
You barely miss the orc warrior.
You kick the orc warrior, but do no damage.
The orc warrior is moderately wounded.
Unknown command.
The orc warrior is struck by your spines.
The orc warrior hits you with a long sword!!
You die...
Xom snickers!

██████∆████.........█
█......█ ███████...█
█......█ ██...█
█......█ █.....
█...██.█ █.....
█...██.█ █.....
█......█ █.....
█......██ █▲█ █.....
█...@...███.████.....
█..[.o...██....██.███
█...)..).██<...████
█................
█................
█...██...██......
█... █...██...≈≈≈
▲........████≈≈≈≈
██... ≈≈≈


You could see an orc warrior.

Vanquished Creatures
  Edmund (D:5)
  A sky beast (D:5)
  3 phantoms
  Blork the orc (D:5)
  A howler monkey (D:4)
  2 hounds
  3 orc priests
  2 jellies (D:5)
  A gnoll shaman (D:4)
  An orc wizard (D:4)
  3 worker ants (D:4)
  6 adders
  5 gnolls (D:4)
  A shadow imp (D:5)
  2 worms
  A dart slug (D:1)
  A leopard gecko (D:2)
  12 orcs
  3 ball pythons
  3 giant cockroaches
  6 goblins
  11 hobgoblins
  17 jackals
  11 kobolds
  3 quokkas
  8 bats
  5 frilled lizards
  A jackal skeleton (D:5)
  A leopard gecko zombie (D:5)
  7 rats
123 creatures vanquished.

Vanquished Creatures (others)
  A goblin (D:1)
1 creature vanquished.

Grand Total: 124 creatures vanquished

Notes
Turn   | Place    | Note
-------+----------+-------------------------------------------
     0 | D:1      | Goblin1989 the Demonspawn Chaos Knight began the quest for the Orb.
     0 | D:1      | Reached XP level 1. HP: 18/18 MP: 1/1
    74 | D:1      | Reached skill level 3 in Axes
   116 | D:1      | Gained mutation: You are slightly more attuned to the shadows. [demonic ancestry]
   116 | D:1      | Reached XP level 2. HP: 9/24 MP: 2/2
   501 | D:1      | Gained mutation: You are significantly more attuned to the shadows. [demonic ancestry]
   501 | D:1      | Reached XP level 3. HP: 29/29 MP: 3/3
   657 | D:1      | Reached skill level 4 in Axes
  1387 | D:2      | You fall through a shaft for 2 floors!
  1435 | D:4      | Gained mutation: You are surrounded by a mild repulsion field. (EV +2) [demonic ancestry]
  1435 | D:4      | Reached XP level 4. HP: 28/35 MP: 4/4
  1523 | D:4      | Noticed a phantom
  1542 | D:4      | Found a sacrificial altar of Ru.
  1574 | D:4      | Reached skill level 5 in Axes
  1820 | D:4      | Gained mutation: You have large cloven feet. [demonic ancestry]
  1820 | D:4      | Reached XP level 5. HP: 41/41 MP: 5/5
  1852 | D:3      | XOM: harmless Summ miscast
  1921 | D:2      | XOM: harmless Necr miscast
  2247 | D:2      | Found a shattered altar of Ashenzari.
  2250 | D:2      | Found a glowing silver altar of Zin.
  2253 | D:2      | Found an opulent altar of Gozag.
  2303 | D:2      | XOM: harmless Air miscast
  2568 | D:3      | XOM: smoke on damage
  3035 | D:3      | Reached skill level 6 in Axes
  3057 | D:3      | XOM: cloud trail
  3207 | D:3      | XOM: harmless Fire miscast
  3218 | D:3      | Found a burning altar of Makhleb.
  3326 | D:4      | Found a staircase to the Ecumenical Temple.
  3356 | D:4      | XOM: cleaving
  3361 | D:4      | XOM: harmless Fire miscast
  3362 | D:4      | Gained mutation: You are partially covered in sharp spines. [demonic ancestry]
  3362 | D:4      | Reached XP level 6. HP: 21/47 MP: 6/6
  3367 | D:4      | XOM: harmless Hex miscast
  3725 | D:4      | XOM: fog
  3829 | D:4      | Reached XP level 7. HP: 26/53 MP: 7/7
  4237 | D:4      | Found a radiant altar of Vehumet.
  4340 | D:4      | Found an ornate altar of the Wu Jian Council.
  4350 | D:4      | Found a snail-covered altar of Cheibriados.
  4484 | D:4      | XOM: give mutations
  4484 | D:4      | Gained mutation: Your mind is acute. (Int +2) [Xom's mischief]
  4484 | D:4      | Gained mutation: Your body sometimes deteriorates upon taking damage. [Xom's mischief]
  4501 | D:5      | Entered Level 5 of the Dungeon
  4650 | D:5      | Noticed Edmund
  4650 | D:5      | XOM: give mutations
  4650 | D:5      | Gained mutation: You are frail. (-10% HP) [Xom's mischief]
  4650 | D:5      | Gained mutation: You are very frail. (-20% HP) [Xom's mischief]
  4650 | D:5      | Lost mutation: Your mind is acute. (Int +2) [Xom's mischief]
  4658 | D:5      | XOM: confusion (+ monsters)
  4663 | D:5      | XOM: blink monster(s)
  4667 | D:5      | Reached skill level 7 in Axes
  4680 | D:5      | XOM: enchant monster (bad)
  4681 | D:5      | XOM: scenery: create altars
  4684 | D:5      | XOM: noise
  4690 | D:5      | XOM: enchant monster (good)
  4951 | D:5      | Killed Edmund
  5013 | D:5      | XOM: 1-stop teleportation journey
  5099 | D:5      | Found a shattered altar of Ashenzari.
  5140 | D:5      | Noticed Blork the orc
  5159 | D:5      | XOM: potion effect (heal wounds)
  5165 | D:5      | XOM: butterfly on damage
  5178 | D:5      | XOM: harmless Air miscast
  5182 | D:5      | Gained mutation: You have hoof-like feet. [demonic ancestry]
  5182 | D:5      | Reached XP level 8. HP: 6/48 MP: 8/8
  5462 | D:5      | Killed Blork the orc
  5720 | D:5      | XOM: noise
  6163 | D:6      | Mangled by an orc warrior

Skill      XL: |  1  2  3  4  5  6  7 |
---------------+----------------------+-----
Axes           | 3 4 5 6 7 |  7.8
Armour         | 2 3 |  3.8
Fighting       | 4 |  4.8
Dodging        | |  0.8

Action                   |  1- 3 |  4- 6 |  7- 9 || total
-------------------------+-------+-------+-------++-------
Melee: Hand axe          |   102 |   183 |    99 ||   384
       Kick              |       |    28 |    29 ||    57
  Use: Scroll            |       |     5 |       ||     5
       Potion            |       |     2 |       ||     2
 Stab: Petrified         |     2 |       |       ||     2
       Petrifying        |     1 |       |     1 ||     2
       Sleeping          |     8 |    11 |     5 ||    24
       Confused          |       |     1 |     1 ||     2
  Eat: Chunk             |     2 |     7 |     3 ||    12
       Ration            |       |       |     1 ||     1
Armor: Leather armour    |    21 |       |       ||    21
       Ring mail         |     8 |    50 |    25 ||    83
       Skin              |       |    40 |       ||    40
       Scale mail        |       |       |     2 ||     2
Dodge: Dodged            |    64 |    91 |    36 ||   191

Vault maps used:
D:1:      evilmike_arrival_crescent
D:2:      grunt_temple_overflow_diamond
D:3:      lemuel_coloured_pillars_altar
D:4:      nicolae_ru_sacrificial_ziggurat, minmay_overflow_temple_star_quad,
          minmay_temple_entry_butterflies, nrook_loot_triangle
D:5:      first_ration, cheibrodos_ashenzari_chains, uniq_blork_the_orc,
          uniq_edmund
D:6:      yredelemnul_forgotten_temple_becter, lemuel_doored_altar, centaur_isle
